 Seeded DCSS version 0.30.1-9-gdf580d7c3d (webtiles) character file.

Game seed: 9106806156630997546 (custom seed)

15 Psyclone the Conjurer (level 2, -7/15 HPs)
             Began as a Deep Elf Conjurer on Oct 9, 2023.
             Mangled by an orc
             ... wielding a +0 trident
              (8 damage)
             ... on level 5 of the Dungeon.
             The game lasted 00:00:35 (357 turns).

Psyclone the Conjurer (Deep Elf Conjurer)            Turns: 357, Time: 00:00:36

Health: -7/15      AC:  2    Str:  4    XL:     2   Next: 34%
Magic:  8/8        EV: 12    Int: 22    God:
Gold:   98         SH:  0    Dex: 13    Spells: 4/7 levels left

rFire   . . .        (no weapon)
rCold   . . .        (no shield)
rNeg    . . .        a - +0 robe
rPois   .            (no helmet)
rElec   .            (no cloak)
rCorr   .            (no gloves)
SInv    .            (no boots)
Will    .....        (no amulet)
Stlth   ++           (no ring)
HPRegen 0.22/turn    (no ring)
MPRegen 0.11/turn

%: no passive effects
@: lethally poisoned (-7 -> -8)
A: no striking features
a: no special abilities


You were on level 5 of the Dungeon.
You visited 1 branch of the dungeon, and saw 5 of its levels.

You collected 98 gold pieces.

Inventory:

Armour
 a - a +0 robe (worn)
Potions
 b - a potion of magic
 c - a potion of haste {unknown}


   Skills:
 - Level 2.4 Dodging
 - Level 2.4 Stealth
 - Level 3.0 Spellcasting
 + Level 5.1 Conjurations


You had 4 spell levels left.
You knew the following spells:

 Your Spells              Type           Power      Damage    Failure   Level
a - Magic Dart            Conj           100%       1d8       1%          1
b - Searing Ray           Conj           50%        2d6       2%          2

Your spell library contained the following spells:

 Spells                   Type           Power      Damage    Failure   Level
 Dazzling Flash           Conj/Hex       28%        N/A       13%         3
 Fulminant Prism          Conj/Hex       7%         3d7       41%         4
 Iskenderun's Mystic Bla  Conj/Tloc      14%        2d5       41%         4


Dungeon Overview and Level Annotations

Branches:
Dungeon (5/15) Zot: 26953  Temple (0/1) D:5

Altars:
Qazlal

Annotations:
D:3 Natasha


Message History

Found 7 gold pieces.
Found 18 gold pieces.
You now have 91 gold pieces (gained 18).
You now have 98 gold pieces (gained 7).
Found a stone staircase leading down. 2 yaks come into view.
What are your orders? t - Shout!
Orders for allies: a - Attack new target. r - Retreat! s - Stop attacking. g - Guard the area. f - Follow me.
Anything else - Cancel.
You shout for attention!
You hear a shout! x2; You hear a bellow! x2
You hear a shout! x2; You hear a bellow!
A gnoll comes into view. It is wielding a +0 spear.
An adder comes into view.
The adder moves out of view. 2 orcs come into view.
Found a stone staircase leading up.
The orc shouts!
The adder hisses angrily.
The orc shouts!
You hear a bellow! x2
The orc hits you with a +0 mace.
You take 3 damage, and have 12/15 hp.
An adder comes into view.
Found a staircase to the Ecumenical Temple.
The adder misses you. The adder bites you.
You are poisoned.
The adder poisons you! The orc attacks as you move away!
The orc barely misses you.
You feel sick.
The adder hisses angrily.
The orc closely misses you.
You take 2 damage, and have 10/15 hp.
The adder attacks as you move away! The adder closely misses you.
You feel sick. The orc hits you with a +0 trident!
* * * LOW HITPOINT WARNING * * *
You take 8 damage, and have 2/15 hp.
MASSIVE DAMAGE!!
* * * LOW HITPOINT WARNING * * *
You feel sick. The adder barely misses you. The adder misses you.
The orc hits you with a +0 trident!
Ouch! That really hurt!
You die...

#...# ...... .....
........ #...
.........# #.⌠.
.........
.###...###....... #
...........#..#.#.#
..⌠..>.So.......<.
.......@S..##...
.###...###o##.#
#.⌠.#......#
#...#...##g#
..........#.#
.........#.#.#
..........
.#.#######
..........
.#g.......
.........
.#.#######


You could see 2 adders and 2 orcs.

Vanquished Creatures
  2 dart slugs
  A bat (D:1)
  An endoplasm (D:4)
  A hobgoblin (D:4)
  3 jackals
  A kobold (D:4)
9 creatures vanquished.

Notes
Turn   | Place    | Note
-------+----------+-------------------------------------------
     0 | D:1      | Psyclone the Deep Elf Conjurer began the quest for the Orb.
     0 | D:1      | Reached XP level 1. HP: 10/10 MP: 6/6
    28 | D:2      | Found a stormy altar of Qazlal.
   142 | D:2      | Reached XP level 2. HP: 15/15 MP: 5/8
   205 | D:2      | Learned a level 2 spell: Searing Ray
   206 | D:3      | Noticed Natasha
   229 | D:4      | Reached skill level 5 in Conjurations
   311 | D:5      | Entered Level 5 of the Dungeon
   326 | D:5      | Noticed a yak
   326 | D:5      | Noticed a yak
   354 | D:5      | Found a staircase to the Ecumenical Temple.
   357 | D:5      | Mangled by an orc

Illustrated notes

Levels and vault maps discovered:
D:1:      onia_arrival_mini_spirals, layout_loops_ring, serial_shops, shop
D:2:      layout_rooms, basic_altar, reono_crystal_passage, minmay_tetromino_l2,
          uniq_robin, uniq_jessica, uniq_crazy_yiuf_cottage
D:3:      layout_loops_ring, uniq_sigmund, uniq_natasha
D:4:      layout_rooms, ebering_ghost_sewer_d, nicolae_take_the_stairs,
          grunt_ministairs_6, ebering_dispersal_statue_hall,
          minmay_ogre_servants
D:5:      nicolae_cairo_tiling_large, layout_basic, slow_altar_2,
          minmay_temple_entry_junction_2, portal_sewer_entry_b

Skill      XL: |  1  2 |
---------------+-------+-----
Conjurations   | 5 |  5.1
Dodging        | |  2.4
Stealth        | |  2.4
Spellcasting   | |  3.0

Action                     || total
---------------------------++-------
   Cast: Magic Dart        ||    11
         Searing Ray       ||     2
  Dodge: Dodged            ||    18
